 Dungeon Crawl Stone Soup version 0.21.1-1-g345015f (webtiles) character file.

91 VLARC the Vandal (level 4, 0/29 HPs)
             Began as a Halfling Hunter on Mar 21, 2018.
             Killed from afar by an orc wizard (15 damage)
             ... with a puff of flame
             ... on level 2 of the Dungeon.
             The game lasted 00:04:58 (2581 turns).

VLARC the Vandal (Halfling Hunter)                  Turns: 2581, Time: 00:04:59

Health: 0/29       AC:  3    Str: 14    XL:     4   Next: 88%
Magic:  4/4        EV: 14    Int:  9    God:
Gold:   74         SH:  0    Dex: 14    Spells: 3/3 levels left

rFire    . . .     SeeInvis .   a - +1 hunting sling
rCold    . . .     Gourm    .   (shield restricted)
rNeg     . . .     Faith    .   c - +0 leather armour
rPois    .         Spirit   .   (no helmet)
rElec    .         Reflect  .   (no cloak)
rCorr    .         Harm     .   (no gloves)
MR       .....                  (no boots)
Stlth    +.........             (no amulet)
HPRegen  0.09/turn              (no ring)
MPRegen  0.09/turn              (no ring)

@: hasted, very quick
A: small, mutation resistance 1
a: no special abilities


You were on level 2 of the Dungeon.
You were not hungry.

You visited 1 branch of the dungeon, and saw 2 of its levels.

You collected 74 gold pieces.

Inventory:

Hand Weapons
 a - a +1 hunting sling (weapon)
 b - a +0 short sword
Missiles
 d - 37 sling bullets
 e - 6 stones (quivered)
Armour
 c - a +0 leather armour (worn)
 l - a cursed -1 buckler
 n - a +0 shield
Scrolls
 g - a scroll of identify {unknown}
 i - a scroll of teleportation {unknown}
Potions
 h - 2 potions of lignification
 m - a potion of agility {unknown}
 o - a potion of magic {unknown}
Comestibles
 f - 5 rations
 k - a chunk of flesh


   Skills:
 - Level 1.7 Fighting
 + Level 4.9 Short Blades
 - Level 5.8 Slings
 - Level 2.1 Dodging
 - Level 1.1 Stealth


You had 3 spell levels left.
You didn't know any spells.

Dungeon Overview and Level Annotations

Branches:
Dungeon (2/15)

Altars:
Elyvilon
Nemelex Xobeh
Ru


Innate Abilities, Weirdness & Mutations

You are small and have problems with some larger weapons.
You are somewhat resistant to further mutation.


Message History

You feel less confused.
The goblin hits you with a dagger of speed.
The orc wizard hits you with a dagger.
The goblin hits you with a dagger of speed.
It was a potion of haste.
You feel yourself speed up. The goblin misses you.
The orc wizard gestures wildly while chanting.
The orc wizard flickers and vanishes!
Deactivating autopickup; reactivate with Ctrl-A.
The goblin misses you.
Firing (i - inventory. (,) - cycle):
e - 7 stones (quivered)
Press: ? - help, Shift-Dir - straight line, f - goblin
Aim: a goblin, wielding a dagger of speed You shoot a stone.
The stone hits the goblin!
You kill the goblin!
No target in view!
No target in view!
A puff of flame appears from out of thin air!
The puff of flame hits you!
Ouch! That really hurt!
You die...

#(..# #.# ### #(..#
#.# ##..##...# #.#
......)..# #.# ##.#
#...# #.# #...##..>#
#.# . #..#...# #.#
.###.....##########.#
..#..#.....{(...@...#
#........############
...###.### .......#
##.##### #.# ##.#
...# ####


There were no monsters in sight!

Vanquished Creatures
  An orc priest (D:2)
  A worm (D:2)
  2 dart slugs
  2 leopard geckos (D:2)
  3 orcs
  2 ball pythons
  3 bats (D:1)
  A giant cockroach (D:1)
  8 goblins
  6 hobgoblins
  4 jackals (D:1)
  2 frilled lizards (D:2)
  6 kobolds
  7 rats
48 creatures vanquished.

Notes
Turn   | Place    | Note
-------+----------+-------------------------------------------
     0 | D:1      | VLARC the Halfling Hunter began the quest for the Orb.
     0 | D:1      | Reached XP level 1. HP: 14/14 MP: 1/1
    50 | D:1      | Reached skill level 1 in Short Blades
    71 | D:1      | Reached XP level 2. HP: 14/19 MP: 2/2
   335 | D:1      | Reached XP level 3. HP: 8/24 MP: 3/3
  1109 | D:1      | HP: 1/24 [hobgoblin/club (7)]
  1477 | D:2      | Found a white marble altar of Elyvilon.
  1525 | D:2      | Found a sacrificial altar of Ru.
  1528 | D:2      | Found a sparkling altar of Nemelex Xobeh.
  2084 | D:2      | Reached XP level 4. HP: 29/29 MP: 4/4
  2581 | D:2      | Killed from afar by an orc wizard

Skill      XL: |  1  2  3 |
---------------+----------+-----
Short Blades   | 1 2 4 |  4.9
Fighting       | |  1.7
Slings         | |  5.8
Dodging        | |  2.1
Stealth        | |  1.1

Action                   |  1- 3 |  4- 6 || total
-------------------------+-------+-------++-------
Melee: Short sword       |   131 |    27 ||   158
 Fire: Hunting sling     |    13 |    20 ||    33
  Use: Potion            |     2 |     1 ||     3
 Stab: Sleeping          |     5 |       ||     5
  Eat: Chunk             |     3 |     2 ||     5
Armor: Leather armour    |    31 |       ||    31
       Skin              |     2 |       ||     2
Dodge: Dodged            |    87 |    14 ||   101
